 Dungeon Crawl Stone Soup version 0.28-a0-779-g3d1f99b579 (webtiles) character file.

Game seed: 16936024490346833797

2 freelancePsychic the Shield-Bearer (level 1, 0/18 HPs)
             Began as a Formicid Fighter on Nov 2, 2021.
             Slain by a hobgoblin (1 damage)
             ... on level 1 of the Dungeon.
             The game lasted 00:00:14 (21 turns).

freelancePsychic the Shield-Bearer (Formicid Fighter) Turns: 21, Time: 00:00:15

Health: 0/18       AC:  6    Str: 20    XL:     1   Next: 44%
Magic:  1/1        EV:  9    Int:  7    God:
Gold:   0          SH:  4    Dex: 10    Spells: 0/0 levels left

rFire   . . .      SeeInvis +   a - +0 quarterstaff
rCold   . . .      Faith    .   c - +0 buckler
rNeg    . . .      Spirit   .   b - +0 scale mail
rPois   .          Reflect  .   (helmet unavailable)
rElec   .          Harm     .   (no cloak)
rCorr   .          Rampage  .   (no gloves)
Will    .....                   (no boots)
Stlth   ..........              (no amulet)
HPRegen 0.06/turn               (no ring)
MPRegen 0.07/turn               (no ring)

@: no status effects
A: permanent stasis, dig shafts and tunnels, antennae 3, four strong arms
a: Dig, Shaft Self


You were on level 1 of the Dungeon.
You visited 1 branch of the dungeon, and saw 1 of its levels.

Inventory:

Hand Weapons
 a - a +0 quarterstaff (weapon)
Armour
 b - a +0 scale mail (worn)
 c - a +0 buckler (worn)
Potions
 d - a potion of might


   Skills:
 + Level 3.3 Fighting
 * Level 2.1 Staves
 - Level 3.2 Armour
 - Level 3.6 Shields


You couldn't memorise any spells.
You didn't know any spells.
Your spell library was empty.

Dungeon Overview and Level Annotations

Branches:
Dungeon (1/15)

Altars:


Innate Abilities, Weirdness & Mutations

You cannot be hasted, slowed, berserked, paralysed or teleported.
You can dig through walls and to a lower floor.
You have a pair of large antennae on your head. (SInv)
Your four strong arms can wield two-handed weapons with a shield.


Message History

You are too injured to fight recklessly!
You are too injured to fight recklessly!
You are too injured to fight recklessly!
You are too injured to fight recklessly!
You are too injured to fight recklessly!
You are too injured to fight recklessly!
You are too injured to fight recklessly!
You are too injured to fight recklessly!
You are too injured to fight recklessly!
You are too injured to fight recklessly!
You are too injured to fight recklessly!
You hit the bat.
The bat is severely wounded.
The bat closely misses you.
The hobgoblin hits you but does no damage.
You block the endoplasm's attack.
The ball python bites you but does no damage.
The ball python barely misses you. The hobgoblin barely misses you.
The bat closely misses you. The bat hits you but does no damage. x2
You closely miss the ball python. The bat hits you.
The ball python bites you but does no damage.
The ball python misses you. The bat barely misses you.
You block the ball python's attack. The ball python closely misses you.
You sock the ball python!
You kill the ball python!
The bat hits you but does no damage. The endoplasm barely misses you.
You barely miss the endoplasm. The bat hits you but does no damage.
The endoplasm freezes you.
You are frozen.
* * * LOW HITPOINT WARNING * * *
You sock the endoplasm!
You kill the endoplasm!
The bat hits you but does no damage.
Your scale mail prevents you from hitting the hobgoblin.
The hobgoblin is moderately wounded.
The bat hits you but does no damage. The hobgoblin hits you.
* * * LOW HITPOINT WARNING * * *
The hobgoblin hits you.
You die...

#... #..# ## .>.. .
########## #..#!# #
≈≈≈≈≈≈≈≈≈## #..#. #[# #
≈≈§≈≈≈≈≈≈≈###... ).
#≈≈≈#≈☼≈≈#≈≈#....#.##.#.
#≈≈≈°≈≈≈≈≈≈≈####........
#≈≈≈ ≈≈≈≈≈÷≈#.@g......##
############b####.#.##
+....<....'..# ...#
############## #.# #≈≈§
≈○≈≈≈≈≈# ...
#≈≈≈≈≈≈≈≈≈≈≈# ...
#≈≈≈#°≈≈≈#≈≈# .. #
≈≈≈÷≈≈≈≈○≈# ≈≈≈≈≈≈≈≈≈##


You could see a hobgoblin and a bat.

Vanquished Creatures
  A ball python (D:1)
  An endoplasm (D:1)
2 creatures vanquished.

Notes
Turn   | Place    | Note
-------+----------+-------------------------------------------
     0 | D:1      | freelancePsychic the Formicid Fighter began the quest for
                  | the Orb.
     0 | D:1      | Reached XP level 1. HP: 18/18 MP: 1/1
    21 | D:1      | Slain by a hobgoblin

Illustrated notes

Levels and vault maps discovered:
D:1:      saegor_arrival_miasma, layout_rooms,
          shapermc_ecumenical_altar_hornbeckon, minmay_small_reverse_x

Action                   || total
-------------------------++-------
Melee: Quarterstaff      ||     9
Armor: Scale mail        ||    13
Dodge: Dodged            ||    14
Block: Buckler           ||     2

Table legend: (Time is in decaauts)
 A = Elapsed time spent in this place.
 B = Non-inter-level travel time spent in this place.
 C = Inter-level travel time spent in this place.
 D = Time resting spent in this place.
 E = Time spent auto-exploring this place.
 F = Levels seen in this place.
 G = Mean time per level.
                   A        B        C        D        E       F      G
               +--------+--------+--------+--------+--------+-----+--------+
         Total |     22 |     22 |      0 |      0 |      5 |   1 |   22.0 |
       Dungeon |     22 |     22 |      0 |      0 |      5 |   1 |   22.0 |
               +--------+--------+--------+--------+--------+-----+--------+

Top non-repeatable levels by time:
     D:1: 22 daAuts
